 Dungeon Crawl Stone Soup version 0.30.0 (webtiles) character file.

Game seed: 9875607891235927995

38526 alexhoolio the Spear-Bearer (level 14, -24/127 HPs)
             Began as a Ghoul Gladiator on June 2, 2023.
             Was the Champion of Okawaru.
             Annihilated by Rupert
             ... wielding a +0 great sword of draining
              (27 damage)
             ... on level 4 of the Lair of Beasts.
             The game lasted 01:23:43 (19210 turns).

alexhoolio the Spear-Bearer (Ghoul Gladiator)      Turns: 19210, Time: 01:23:44

Health: -24/127    AC: 26    Str: 23    XL:     14   Next: 2%
Magic:  0/6        EV:  7    Int:  3    God:    Okawaru [******]
Gold:   945        SH:  7    Dex: 10    Spells: 10/13 levels left

rFire   . . .        D - +5 demon trident (antimagic)
rCold   + + .        w - +0 kite shield
rNeg    + + +        G - +0 plate armour
rPois   ∞            c - +1 helmet
rElec   +            r - +2 cloak {Will+}
rCorr   +            P - +0 pair of gloves
SInv    +            (no boots)
Will    ++...        F - amulet "Ytoluemu" {Spirit +Blink rElec rCorr SInv} Stlth
                     K - ring of protection from cold
HPRegen 0.00/turn    B - +4 ring of protection
MPRegen 0.10/turn

%: guardian spirit
@: inhibited regen, hasted, very quick
A: claws 1, cold resistance 1, negative energy resistance 3, inhibited
regeneration, torment resistance 2, devour on kill
a: Renounce Religion, Evoke Blink, Heroism, Finesse, Duel


You were on level 4 of the Lair of Beasts.
You worshipped Okawaru.
Okawaru was exalted by your worship.
You visited 4 branches of the dungeon, and saw 17 of its levels.
You also visited: Bailey.

You collected 1796 gold pieces.
You spent 851 gold pieces at shops.

Inventory:

Hand Weapons
 D - a +5 antimagic demon trident (weapon)
 V - a +8 glaive of distortion
Missiles
 b - 26 boomerangs (quivered)
 e - 8 javelins
 h - 46 poisoned darts
 n - 4 atropa-tipped darts
 y - 3 silver javelins
 Y - 3 datura-tipped darts
Armour
 c - a +1 helmet (worn)
 k - a scarf of repulsion
 m - the +0 cloak "Rikavos" {rF- rC+++}
   (Okawaru gifted it to you on level 3 of the Lair of Beasts)

   rF:        It makes you vulnerable to fire.
   rC:        It renders you almost immune to cold.
 r - a +2 cloak of willpower (worn)
 w - a +0 kite shield (worn)
 G - a +0 plate armour (worn)
 P - a +0 pair of gloves (worn)
Magical Staves
 T - a staff of cold
Jewellery
 B - a +4 ring of protection (right hand)
 F - the amulet "Ytoluemu" (around neck) {Spirit +Blink rElec rCorr SInv}
   (You bought it in a shop on level 7 of the Dungeon)

   [amulet of guardian spirit]

   It causes incoming damage to be divided between your reserves of health and
   magic.
   rElec:     It insulates you from electricity.
   SInv:      It lets you see invisible.
   +Blink:    It lets you blink.
   rCorr:     It protects you from acid and corrosion.
 K - a ring of protection from cold (left hand)
 R - a ring of fire
 S - a ring of fire
Wands
 a - a wand of roots (5)
 i - a wand of mindburst (10)
 A - a wand of paralysis (17)
 C - a wand of acid (11)
 E - a wand of flame (48)
 L - a wand of polymorph (11)
 M - a wand of digging (5)
Scrolls
 d - 4 scrolls of fear
 j - 4 scrolls of teleportation
 o - 5 scrolls of fog
 p - 3 scrolls of brand weapon {unknown}
 s - 7 scrolls of enchant armour
 x - 4 scrolls of magic mapping
 N - 2 scrolls of vulnerability {unknown}
 O - a scroll of poison {unknown}
 Q - a scroll of silence {unknown}
 X - a scroll of amnesia
Potions
 f - 12 potions of curing
 g - 3 potions of brilliance
 l - 6 potions of heal wounds
 t - a potion of invisibility
 u - 4 potions of flight
 v - 2 potions of haste
 z - 5 potions of attraction
 H - a potion of might
 I - 2 potions of magic
 J - 2 potions of resistance
 U - a potion of ambrosia
 Z - a potion of cancellation
Miscellaneous
 q - a box of beasts


   Skills:
 * Level 12.8 Fighting
 - Level 14.0 Polearms
 - Level 1.7 Throwing
 - Level 10.6 Armour
 + Level 6.4 Dodging
 - Level 5.0 Stealth
 + Level 1.5 Shields
 + Level 6.8 Invocations


You had 10 spell levels left.
You knew the following spells:

 Your Spells              Type           Power      Damage    Failure   Level
a - Swiftness             Air            0%         N/A       100%        3

Your spell library contained the following spells:

 Spells                   Type           Power      Damage    Failure   Level
 Shock                    Conj/Air       0%         1d3       100%        1
 Slow                     Hex            0%         N/A       100%        1
 Ensorcelled Hibernation  Hex/Ice        0%         N/A       100%        2
 Lesser Beckoning         Tloc           0%         N/A       100%        2
 Passwall                 Tmut/Erth      0%         N/A       100%        2
 Confusing Touch          Hex            0%         N/A       100%        3
 Gell's Gravitas          Tloc           0%         N/A       100%        3
 Teleport Other           Tloc           0%         N/A       100%        3
 Vampiric Draining        Necr           0%         2d6       100%        3
 Airstrike                Air            0%         2d(0-16)  100%        4
 Anguish                  Hex/Necr       0%         N/A       100%        4
 Iskenderun's Battlesphe  Conj           0%         2d6       100%        5
 Iron Shot                Conj/Erth      0%         9d1       100%        6
 Enfeeble                 Hex            0%         N/A       100%        7
 Spider Form              Tmut/Pois      Unusable   N/A       N/A         3
 Spellforged Servitor     Conj/Summ      Unusable   N/A       N/A         7

Dungeon Overview and Level Annotations

Branches:
Dungeon (11/15)            Temple (1/1) D:4            Lair (4/5) D:11
 Shoals (0/4) Lair:2       Spider (0/4) Lair:2          Orc (1/2) D:9
 Bailey (visited)
  Slime: Lair:4-5

Altars:
Ashenzari
Cheibriados
Dithmenos
Fedhas
Gozag
Hepliaklqana
Kikubaaqudgha
Makhleb
Nemelex Xobeh
Okawaru
Qazlal
Ru
Sif Muna
Trog
Uskayaw
Vehumet
Wu Jian
Xom
Yredelemnul

Shops:
D:2 !   D:7 =

Annotations:
D:7 1 runed translucent door
D:10 4 transporters
D:11 3 runed translucent doors, Pandrake's ghost, journeyman DgCj
Lair:4 Rupert


Innate Abilities, Weirdness & Mutations

You are immune to poison.
You have sharp fingernails.
Your flesh is cold resistant. (rC+)
You are immune to negative energy. (rN+++)
You do not regenerate when monsters are visible.
You are immune to unholy pain and torment.
You thrive by killing the living.


Message History

You block Rupert's attack.
You puncture Rupert!
Rupert is heavily wounded.
Rupert completely misses you.
You hit Rupert.
Rupert is severely wounded.
You puncture Rupert!
Rupert is severely wounded.
Rupert hits you with a +0 great sword of draining.
You puncture Rupert!
Rupert is severely wounded.
You puncture Rupert!
Rupert is severely wounded.
Rupert barely misses you.
You closely miss Rupert.
Rupert is severely wounded.
You puncture Rupert!
Rupert is almost dead.
Rupert hits you with a +0 great sword of draining!
You hit Rupert.
Rupert is almost dead.
You puncture Rupert!
Rupert is almost dead.
Rupert hits you with a +0 great sword of draining!!
* * * LOW HITPOINT WARNING * * *
You hit Rupert.
Rupert is almost dead.
You barely miss Rupert.
Rupert is almost dead.
Rupert hits you with a +0 great sword of draining!!
* * * LOW HITPOINT WARNING * * *
Blink to where?
Press: ? - help, Dir - move target, p - Rupert
As you read the scroll of blinking, it crumbles to dust.
A water moccasin comes into view.
Your hands slow down.
You feel yourself speed up. Rupert hits you but does no damage.
Rupert attacks as you move away!
Rupert hits you with a +0 great sword of draining!!
You die...

#..........#####.................
#........###PP..................
#........................!.....#
#P..###..................#......
########...###P..................
#.........### #..................
##..........###.>................
#..........###......##...........
##..............@@..#.....#......
#P.................#.#....##....
##.........##.#.....#.....# ....
#........#.####....##....# ...
#........#####.....#.....#. ..
##..................†......#
#.............................
##....<†.......................
#..........P###P...............


You could see Rupert (berserk).

Vanquished Creatures
  6 hydras
  3 two-headed ogres
  A death yak (Lair:4)
  2 boulder beetles (D:11)
  Urug (D:10)
  A pharaoh ant (Lair:2)
  A deep elf pyromancer (D:11)
  An orc knight (D:11)
  5 ugly things (D:11)
  A cyclops (D:11)
  2 manticores (D:11)
  The ghost of Eeriemist the Cudgeller, a novice TrBe of Trog (D:5)
  An elephant (D:11)
  Maurice (D:8)
  2 black mambas
  Joseph (D:9)
  A kobold demonologist (D:11)
  7 cane toads
  A gargoyle (D:11)
  3 rime drakes
  An efreet (D:11)
  6 komodo dragons
  4 trolls
  A hornet (D:10)
  3 blink frogs (Lair:2)
  A snapping turtle (Lair:2)
  2 jumping spiders (Lair:2)
  43 yaks
  5 wyverns
  A wraith (D:10)
  5 basilisks
  6 shadows
  A redback (Lair:2)
  A steam dragon (D:7)
  3 vampire mosquitoes (D:11)
  A naga (shapeshifter) (D:11)
  Edmund (D:4)
  An acid dragon (D:11)
  8 water moccasins
  6 orc warriors
  3 black bears
  A sky beast (D:7)
  2 ice beasts
  4 wolves (Lair:3)
  5 centaurs
  2 phantoms
  3 kobold brigands (D:6)
  Blork the orc (D:5)
  14 bullfrogs
  4 scorpions
  A gnoll sergeant (D:9)
  6 wights
  6 killer bees (D:8)
  2 troll zombies (D:9)
  3 electric eels (Lair:2)
  A howler monkey (D:11)
  A jelly (D:8)
  2 orc priests (D:6)
  6 hounds
  A sleepcap (D:4)
  3 iguanas
  6 orc wizards
  Ijyb (D:5)
  4 hell rats
  4 ogre zombies (D:9)
  9 gnolls
  7 adders
  2 hound simulacra (D:5)
  2 shadow imps
  4 white imps
  A howler monkey simulacrum (D:5)
  2 ufetubi
  2 worms
  3 dart slugs
  23 orcs
  9 endoplasms
  4 giant cockroaches
  14 goblins
  3 hobgoblins
  5 jackals (D:1)
  30 kobolds
  3 quokkas
  10 ball pythons
  5 bats
  2 frilled lizards (D:1)
  4 goblin skeletons (D:9)
  2 goblin zombies (D:9)
  2 hobgoblin skeletons (D:9)
  4 hobgoblin zombies (D:9)
  7 orc zombies (D:9)
  4 rats
391 creatures vanquished.

Vanquished Creatures (others)
  13 fungi
  74 plants
87 creatures vanquished.

Grand Total: 478 creatures vanquished

Notes
Turn   | Place    | Note
-------+----------+-------------------------------------------
     0 | D:1      | alexhoolio the Ghoul Gladiator began the quest for the Orb.
     0 | D:1      | Reached XP level 1. HP: 17/17 MP: 0/0
   183 | D:1      | Reached skill level 3 in Polearms
   194 | D:1      | Reached XP level 2. HP: 25/25 MP: 1/1
   338 | D:1      | Reached XP level 3. HP: 29/30 MP: 2/2
   858 | D:2      | Found Woothry's Distillery.
  1557 | D:3      | Found a bloodstained altar of Trog.
  1600 | D:3      | Reached XP level 4. HP: 35/38 MP: 3/3
  1602 | D:3      | Reached skill level 4 in Polearms
  1651 | D:3      | Found a faded altar of an unknown god.
  2231 | D:4      | Reached XP level 5. HP: 44/45 MP: 4/4
  2300 | D:4      | Reached skill level 5 in Polearms
  2300 | D:4      | Reached XP level 6. HP: 18/52 MP: 5/5
  2584 | D:4      | Found a staircase to the Ecumenical Temple.
  2628 | Temple   | Entered the Ecumenical Temple
  2642 | Temple   | Became a worshipper of Warmaster Okawaru
  2822 | D:4      | Learned a level 3 spell: Swiftness
  3027 | D:4      | Found a shadowy altar of Dithmenos.
  3269 | D:5      | Entered Level 5 of the Dungeon
  3287 | D:5      | Reached XP level 7. HP: 48/60 MP: 6/6
  3386 | D:5      | Reached skill level 6 in Polearms
  3411 | D:4      | Reached skill level 5 in Fighting
  3448 | D:5      | Noticed Ijyb
  3465 | D:5      | Killed Ijyb
  3487 | D:5      | Noticed Edmund
  3606 | D:4      | Killed Edmund
  3606 | D:4      | Reached * piety under Okawaru
  3750 | D:5      | Reached skill level 7 in Polearms
  3802 | D:5      | Reached XP level 8. HP: 70/70 MP: 7/7
  3910 | D:5      | Noticed Blork the orc
  3922 | D:5      | Killed Blork the orc
  4086 | D:5      | Noticed a +0 dagger
  4086 | D:5      | Noticed a +0 dagger
  4086 | D:5      | Noticed a +0 falchion
  4087 | D:5      | Noticed a +0 falchion
  4096 | D:5      | Noticed a +0 spear
  4097 | D:5      | Noticed a +0 short sword
  4097 | D:5      | Noticed a +0 short sword
  4108 | D:5      | Noticed Eeriemist's ghost (novice TrBe)
  4170 | D:5      | Noticed a +0 spear
  4177 | D:5      | Found a hide-covered altar of Uskayaw.
  4215 | D:5      | Found a runed translucent gate.
  4215 | D:5      | Found a runed translucent gate.
  4215 | D:5      | Found a runed translucent gate.
  4245 | D:5      | Found a shimmering blue altar of Sif Muna.
  4762 | D:6      | Reached skill level 8 in Polearms
  4789 | D:6      | You fall into a shaft and drop 3 floors!
  4855 | D:8      | Found a flagged portal.
  4872 | Bailey   | Entered a bailey
  4943 | Bailey   | Noticed an orc warlord
  5073 | Bailey   | Found a runed translucent gate.
  5073 | Bailey   | Found a runed translucent gate.
  5094 | Bailey   | Found a runed translucent gate.
  5126 | Bailey   | Reached ** piety under Okawaru
  5412 | Bailey   | Reached skill level 10 in Armour
  5412 | Bailey   | Reached XP level 9. HP: 75/79 MP: 5/8
  5647 | D:8      | Noticed Maurice
  5697 | D:8      | Killed Maurice
  5698 | D:8      | Reached XP level 10. HP: 60/86 MP: 9/9
  5871 | D:8      | Reached skill level 9 in Polearms
  6015 | D:8      | Noticed a two-headed ogre
  6035 | D:8      | Killed a two-headed ogre
  6282 | D:8      | Reached *** piety under Okawaru
  7030 | D:7      | Found an opulent altar of Gozag.
  7040 | D:7      | Found a runed translucent door.
  7326 | D:7      | Found Lyud's Jewellery Boutique.
  7343 | D:7      | Reached skill level 10 in Polearms
  7711 | D:7      | Found a basalt altar of Yredelemnul.
  7866 | D:7      | Found a burning altar of Makhleb.
  7866 | D:7      | Noticed an Executioner
  8143 | D:6      | Found a sacrificial altar of Ru.
  8470 | D:6      | Received a gift from Okawaru
  8671 | D:6      | Reached XP level 11. HP: 93/95 MP: 10/10
  8957 | D:5      | Killed Eeriemist's ghost
  9437 | D:9      | Reached skill level 11 in Polearms
  9493 | D:9      | Found a sparkling altar of Nemelex Xobeh.
  9612 | D:9      | Reached **** piety under Okawaru
  9663 | D:9      | Found a staircase to the Orcish Mines.
 10461 | D:9      | Noticed Joseph
 10482 | D:9      | Killed Joseph
 11031 | D:10     | Entered Level 10 of the Dungeon
 11076 | D:10     | Found a blossoming altar of Fedhas.
 11157 | D:10     | Found a transporter.
 11159 | D:10     | Found a transporter.
 11189 | D:10     | Found a transporter.
 11224 | D:10     | Identified the +9 dagger "Esseczuyn" {freeze, Int+4}
 11527 | D:10     | Reached skill level 12 in Polearms
 11601 | D:10     | Noticed Urug
 11619 | D:10     | Killed Urug
 11793 | D:10     | Found a transporter.
 12340 | D:7      | Bought the amulet "Ytoluemu" {Spirit +Blink rElec rCorr
                  | SInv} for 851 gold pieces
 12402 | Orc:1    | Entered Level 1 of the Orcish Mines
 12402 | Orc:1    | Noticed an orc knight
 12522 | D:11     | Noticed a boulder beetle
 12550 | D:11     | Killed a boulder beetle
 12550 | D:11     | Reached ***** piety under Okawaru
 12764 | D:11     | Reached skill level 13 in Polearms
 12941 | D:11     | Found a staircase to the Lair.
 13018 | D:11     | Reached XP level 12. HP: 80/103 MP: 3/11
 13021 | D:11     | Received a gift from Okawaru
 13096 | D:11     | Noticed a two-headed ogre
 13103 | D:11     | Killed a two-headed ogre
 13237 | D:11     | Found a runed translucent gate.
 13237 | D:11     | Found a runed translucent gate.
 13238 | D:11     | Found a runed translucent gate.
 13477 | D:11     | Noticed a boulder beetle
 13568 | D:11     | Reached skill level 14 in Polearms
 13588 | D:11     | Killed a boulder beetle
 13589 | D:11     | Reached skill level 1 in Invocations
 13769 | D:11     | Noticed a two-headed ogre
 13798 | D:11     | Killed a two-headed ogre
 13949 | D:11     | Received a gift from Okawaru
 14256 | D:11     | Reached skill level 10 in Fighting
 14496 | D:11     | Found a runed translucent gate.
 14496 | D:11     | Found a runed translucent gate.
 14498 | D:11     | Noticed a two-headed ogre
 14500 | D:11     | Found a runed translucent gate.
 14500 | D:11     | Noticed Pandrake's ghost (journeyman DgCj)
 14510 | D:11     | a two-headed ogre changed into a faun
 14559 | Lair:1   | Entered Level 1 of the Lair of Beasts
 15030 | Lair:1   | Reached XP level 13. HP: 114/114 MP: 5/15
 15117 | Lair:1   | Reached skill level 1 in Stealth
 15591 | Lair:2   | Found a hole to the Spider Nest.
 15614 | Lair:2   | Reached skill level 5 in Dodging
 15618 | Lair:2   | Received a gift from Okawaru
 15763 | Lair:2   | Reached skill level 5 in Invocations
 16052 | Lair:2   | You fall into a shaft and drop 1 floor!
 16109 | Lair:3   | Reached ****** piety under Okawaru
 16280 | Lair:3   | Received a gift from Okawaru
 17581 | Lair:3   | Identified the +0 cloak "Rikavos" {rF- rC+++} (Okawaru
                  | gifted it to you on level 3 of the Lair of Beasts)
 17581 | Lair:3   | Received a gift from Okawaru
 18085 | Lair:2   | Found a staircase to the Shoals.
 18383 | Lair:2   | Reached skill level 5 in Stealth
 18511 | Lair:4   | Identified a scroll of acquirement
 18511 | Lair:4   | Acquired 503 gold pieces
 18999 | Lair:4   | Reached skill level 1 in Shields
 19119 | Lair:4   | Reached XP level 14. HP: 107/127 MP: 6/18
 19160 | Lair:4   | Noticed Rupert
 19162 | Lair:4   | Paralysed by Rupert for 5 turns
 19191 | Lair:4   | HP: 1/127 [Rupert/+0 great sword of draining (23)]
 19210 | Lair:4   | Annihilated by Rupert

Illustrated notes

Levels and vault maps discovered:
D:1:      evilmike_arrival_plus, layout_basic
D:2:      layout_basic, serial_shops, nicolae_square_shop
D:3:      layout_basic, trog_three_pillars_becter, basic_ecumenical_altar
D:4:      layout_basic, overflow_temple_1_default, minmay_temple_entry_tees,
          kennysheep_generic_room_8
D:5:      layout_cave_pools, kennysheep_orc_sif_temple,
          nicolae_uskayaw_en_pointe, gammafunk_ghost_icy, uniq_edmund,
          uniq_ijyb, uniq_blork_the_orc
D:6:      layout_loops_ring, nicolae_ru_awakened_eye, elyvilon_altar_5,
          dk_vineyard_2, grunt_ministairs_11
D:7:      layout_basic, pdpol_temple_overflow_zin_treasury_gozag_greed,
          dk_yredelemnul_ordeal, makhleb_altar_promises_db, serial_shops, shop
D:8:      layout_gridville, enter_bailey_3, uniq_maurice
D:9:      layout_cave_pods, nemelex_xobeh_ov_fountains_minmay,
          zombieorc1_lemuel, uniq_joseph
D:10:     layout_long_grid, amcnicky_altar_gilded, nicolae_transporter_circle,
          uniq_urug
D:11:     kennysheep_windowed_halls, layout_irregular_city, david_lair_generic,
          ploomutoo_gammafunk_ghost_potion_laboratory,
          chequers_serial_rivers_micro_c, minmay_holes, nzn_sisyphean_effort
Temple:   hellmonk_temple_rainy
Lair:1:   layout_cave_pods, grunt_megastairs_2
Lair:2:   layout_gridlike, minmay_shoals_entry_hut,
          nicolae_spider_entry_lesser_pyramids, serial_bayou,
          serial_bayou_lagoon_b, serial_bayou_pond_c, serial_bayou_lagoon_a,
          serial_bayou_pond_d, serial_bayou_pond_d, infiniplex_staircase_pool
Lair:3:   layout_cave_pods
Lair:4:   beast_lair_carwin_large_3, layout_small_grid, serial_bayou_pond_d,
          serial_bayou_shore_a, uniq_rupert
Orc:1:    layout_diamond_mine

Skill      XL: |  1  2  3  4  5  6  7  8  9 10 11 12 13 |
---------------+----------------------------------------+-----
Polearms       | 3 4 5 7 8 10 13 14 | 14.0
Fighting       | 3 4 6 7 8 10 12 | 12.8
Armour         | 10 | 10.6
Dodging        | 4 6 |  6.4
Invocations    | 4 6 |  6.8
Stealth        | 5 |  5.0
Shields        | 1 |  1.5
Throwing       | |  1.7

Action                     |  1- 3 |  4- 6 |  7- 9 | 10-12 | 13-15 || total
---------------------------+-------+-------+-------+-------+-------++-------
  Melee: Trident           |   108 |   144 |   232 |   696 |       ||  1180
         Punch             |     3 |     1 |     6 |     6 |       ||    16
         Demon trident     |       |       |       |   330 |   454 ||   784
  Throw: Dart              |       |       |    40 |    15 |       ||    55
         Throwing net      |       |       |     5 |     3 |       ||     8
         Boomerang         |       |       |       |     4 |     9 ||    13
 Invoke: Heroism           |       |       |     1 |     3 |       ||     4
         Finesse           |       |       |       |       |     1 ||     1
  Evoke: Wand              |       |       |       |       |    14 ||    14
    Use: Scroll            |       |       |    15 |    11 |     6 ||    32
         Potion            |       |       |     1 |     1 |     1 ||     3
   Stab: Held in net/web   |       |       |     1 |     3 |       ||     4
 Armour: Leather armour    |     2 |       |       |       |       ||     2
         Ring mail         |    32 |     4 |       |       |       ||    36
         Chain mail        |       |    54 |    37 |       |       ||    91
         Plate armour      |       |       |    45 |   460 |   228 ||   733
  Dodge: Dodged            |    52 |    55 |    85 |   254 |   116 ||   562
         Repelled          |     2 |     1 |     5 |     1 |       ||     9
  Block: Kite shield       |       |       |       |    70 |    83 ||   153
